 Dungeon Sprint DCSS version 0.31-a0-845-g9abc20d24f (webtiles) character file.

Game seed: 3068321872751187022

41136 rocky1 the Bludgeoner (level 14, -11/145 HPs)
             Began as a Naga Fighter on Oct 2, 2023.
             Was the Champion of Cheibriados.
             Killed from afar by an orb of fire (94 damage)
             ... with a fireball
             ... in the Dungeon (Sprint VII: "The Pits").
             The game lasted 00:15:26 (5339 turns).

rocky1 the Bludgeoner (Naga Fighter)                Turns: 5339, Time: 00:15:27

Health: -11/145    AC: 23    Str: 41    XL:     14   Next: 14%
Magic:  16/26      EV: 16    Int: 30    God:    Cheibriados [******]
Gold:   22         SH: 14    Dex: 29    Spells: 27/27 levels left

rFire   . . .        u - +2 morningstar (heavy)
rCold   . . .        c - +0 buckler
rNeg    . . .        F - +4 plate armour {Will+}
rPois   +            D - +2 hat
rElec   .            y - +0 cloak
rCorr   +            (no gloves)
SInv    +            (no barding)
Will    ++...        J - amulet of Paint {Reflect rCorr Int+3 Dex+3 SH+5} Stlth
                     O - ring "Woapar" {Fly Str+6 Slay+5 Stlth-}
HPRegen 0.44/turn    q - ring "Yqaolazi" {Wiz Slay+6}
MPRegen 0.20/turn

%: no teleportation, reflection, wizardry (x1)
@: flying, studying 2 skills, very slow
A: AC +4, large, see invisible, deformed body, poison resistance, slowness 2,
spit poison 1, naga tail 2
a: Spit Poison, Renounce Religion, Bend Time, Temporal Distortion, Slouch, Step
From Time


You were in the Dungeon.
You worshipped Cheibriados.
Cheibriados was exalted by your worship.
You visited 1 branch You collected 22 gold pieces.

Inventory:

Hand Weapons
 b - a +1 flail of holy wrath
 p - a +1 flail of protection
 u - a +2 heavy morningstar (weapon)
Missiles
 E - 8 silver javelins
Armour
 c - a +0 buckler (worn)
 v - a +5 ring mail
 y - a +0 cloak (worn)
 D - a +2 hat (worn)
 F - a +4 plate armour of willpower (worn)
Jewellery
 q - the ring "Yqaolazi" (right hand) {Wiz Slay+6}
   (You found it in the Dungeon)

   [ring of wizardry]

   Wiz:       It improves your spell success rate.
   Slay+6:    It affects your accuracy & damage with ranged weapons and melee
   (+6).
 G - the ring of Egalitarianism {rElec rPois rC- Int+3 Dex+6}
   (You found it in the Dungeon)

   [ring of dexterity]

   Int+3:     It affects your intelligence (+3).
   Dex+6:     It affects your dexterity (+6).
   rC-:       It makes you vulnerable to cold.
   rElec:     It insulates you from electricity.
   rPois:     It protects you from poison
 J - the amulet of Paint (around neck) {Reflect rCorr Int+3 Dex+3 SH+5}
   (You found it in the Dungeon)

   [amulet of reflection]

   Reflect:   It reflects blocked missile attacks.
   Int+3:     It affects your intelligence (+3).
   Dex+3:     It affects your dexterity (+3).
   rCorr:     It protects you from acid and corrosion.
   SH+5:      It affects your SH (+5).
 K - the ring "Sihuavim" {rF+ rN+}
   (You found it in the Dungeon)

   [ring of positive energy]

   rF+:       It protects you from fire.
   rN+:       It protects you from negative energy.
 M - the ring "Inliunk" {rC+ rN+}
   (You found it in the Dungeon)

   [ring of positive energy]

   rC+:       It protects you from cold.
   rN+:       It protects you from negative energy.
 N - the amulet "Zozar" {RegenMP rPois rF- Regen+ Int+7}
   (You found it in the Dungeon)

   [amulet of magic regeneration]

   RegenMP:   It increases your rate of magic regeneration.
   Int+7:     It affects your intelligence (+7).
   rF-:       It makes you vulnerable to fire.
   rPois:     It protects you from poison Regen+: It increases your rate of
   health regeneration.
 O - the ring "Woapar" (left hand) {Fly Str+6 Slay+5 Stlth-}
   (You found it in the Dungeon)

   [ring of slaying]

   Str+6:     It affects your strength (+6).
   Slay+5:    It affects your accuracy & damage with ranged weapons and melee
   (+5).
   Fly:       It grants you flight.
   Stlth-:    It makes you less stealthy.
 Q - the ring "Lonahar" {rElec Will+++ Str+6 Slay-5 SInv}
   (You found it in the Dungeon)

   [ring of see invisible]

   Str+6:     It affects your strength (+6).
   Slay-5:    It affects your accuracy & damage with ranged weapons and melee
   (-5).
   rElec:     It insulates you from electricity.
   Will+++:   It greatly increases your willpower.
   SInv:      It lets you see invisible.
 W - the ring of Pyugentome {rF+ rN+ Will+}
   (You found it in the Dungeon)

   [ring of willpower]

   rF+:       It protects you from fire.
   rN+:       It protects you from negative energy.
   Will+:     It increases your willpower.
Wands
 B - a wand of paralysis (13)
Scrolls
 a - a scroll of fog
 j - 3 scrolls of blinking
 l - 2 scrolls of vulnerability
 m - 5 scrolls of amnesia
 n - a scroll of butterflies
 o - a scroll of identify
 x - 2 scrolls of fear
 z - 2 scrolls of enchant weapon
 A - 2 scrolls of enchant armour
Potions
 d - 2 potions of might
 e - 10 potions of curing
 f - 15 potions of heal wounds
 g - 7 potions of haste
 h - 8 potions of magic
 i - 6 potions of berserk rage
 k - 2 potions of invisibility
 s - a potion of brilliance
 t - a potion of resistance
 H - 3 potions of mutation


   Skills:
 + Level 14.5 Fighting
 * Level 20.2 Maces & Flails
 + Level 13.6 Armour
 + Level 10.4 Dodging
 + Level 7.9 Stealth
 + Level 12.4 Shields
 - Level 7.4 Spellcasting
 - Level 17.2 Invocations


You had 27 spell levels left.
You didn't know any spells.
Your spell library contained the following spells:

 Spells                   Type           Power      Damage    Failure   Level
 Sting                    Tmut/Pois      44%        1d5       8%          1
 Summon Small Mammal      Summ           44%        N/A       8%          1
 Call Imp                 Summ           22%        N/A       12%         2
 Scorch                   Fire           22%        2d5       12%         2
 Sublimation of Blood     Necr           11%        N/A       12%         2
 Call Canine Familiar     Summ           11%        N/A       22%         3
 Frozen Ramparts          Ice            22%        1d4       22%         3
 Sigil of Binding         Hex            11%        N/A       22%         3
 Summon Guardian Golem    Hex/Summ       11%        N/A       22%         3
 Animate Armour           Summ/Erth      22%        N/A       56%         4
 Brom's Barrelling Bould  Conj/Erth      11%        2d3       56%         4
 Dimensional Bullseye     Hex/Tloc       5%         N/A       56%         4
 Flame Wave               Conj/Fire      11%        2d6       56%         4
 Leda's Liquefaction      Hex/Erth       5%         N/A       56%         4
 Petrify                  Tmut/Erth      11%        N/A       56%         4
 Vhi's Electric Charge    Tloc/Air       22%        N/A       56%         4
 Alistair's Intoxication  Tmut/Pois      7%         N/A       87%         5
 Arcjolt                  Conj/Air       5%         1d15      87%         5
 Borgnjor's Vile Clutch   Necr/Erth      5%         N/A       87%         5
 Irradiate                Conj/Tmut      5%         3d13      87%         5
 Metabolic Englaciation   Hex/Ice        5%         N/A       87%         5
 Summon Forest            Summ/Tloc      5%         N/A       87%         5
 Eringya's Noxious Bog    Tmut/Pois      5%         4d6       100%        6
 Plasma Beam              Fire/Air       5%         2x1d16    100%        6
 Simulacrum               Ice/Necr       5%         N/A       100%        6
 Summon Cactus Giant      Summ           5%         N/A       100%        6
 Haunt                    Necr/Summ      5%         N/A       100%        7
 Orb of Destruction       Conj           5%         9d5       100%        7
 Ozocubu's Refrigeration  Ice            5%         4d8       100%        7
 Spellforged Servitor     Conj/Summ      5%         N/A       100%        7
 Summon Hydra             Summ           5%         N/A       100%        7
 Maxwell's Capacitive Co  Air            5%         ∞         100%        8
 Polar Vortex             Ice            5%         N/A       100%        9
 Shatter                  Erth           5%         3d8*      100%        9


Dungeon Overview and Level Annotations

Branches:
Dungeon (1/1)

Altars:
Ashenzari
Cheibriados
Dithmenos
Elyvilon
Fedhas
Gozag
Hepliaklqana
Kikubaaqudgha
Makhleb
Nemelex Xobeh
Okawaru
Qazlal
Ru
Sif Muna
Trog
Uskayaw
Vehumet
Wu Jian
Xom
Yredelemnul
Zin
The Shining One
Jiyva
Lugonu


Innate Abilities, Weirdness & Mutations

Your serpentine skin is tough. (AC +4)
You have supernaturally acute eyesight. (SInv)
Armour fits poorly on your strangely shaped body.
Your system is resistant to poisons. (rPois)
You cover ground very slowly.
You can spit poison.
You can use your snake-like lower body to constrict enemies.


Message History

There is a large open door here.
r - the ring "Izim" {Will++ SInv}
w - the ring of the Furies {rPois Str+2} You drop the ring "Izim" {Will++ SInv}.
You drop the ring of the Furies {rPois Str+2}.
There is a large open door here.
Items here: "" =====.
Items here: ======.
Okay, then.
You see here a +0 halberd.
Things that are here:
a +0 rapier; a +0 scale mail
Things that are here:
a +0 dagger; a +0 robe
Things that are here:
a +0 halberd; a +0 robe
There is a huge broken gate to the Coven (Very Hard) here.
There is a huge broken gate to the Coven (Very Hard), spattered with blood here.
Items here: ))) [.
Things that are here:
a +0 club; a +0 dagger You reach down and open the large door.
An orb of fire comes into view.
Activating: Slouch (0% risk of failure)
Press: ? - help, Dir - look around, f - activate You can feel time thicken for a moment.
The orb of fire glows yellow.
The bolt of fire hits you!!
The orb of fire glows deep purple.
The fireball explodes!
The fireball engulfs you!!
Activating: Slouch (0% risk of failure)
Press: ? - help, Dir - look around, f - activate You can feel time thicken for a moment.
Unknown command.
You miss the orb of fire.
The orb of fire is severely damaged.
The orb of fire glows bright magenta.
The fireball explodes!
The fireball engulfs you!!!!
Ouch! That really hurt!
You die...

#+# #.# #'#
################*#
..†.............@#
)................#
+##############..#
#..# #..# #..#
#..# #..# #..#


You could see an orb of fire.

Vanquished Creatures
  3 liches (D)
  A deep elf master archer (D)
  A sphinx (D)
  Gastronok (D)
  2 deep elf sorcerers (D)
  A balrug (D)
  2 deep elf demonologists (D)
  A vampire knight (D)
  A minotaur (D)
  A white draconian (D)
  3 red draconians (D)
  An ettin (D)
  An eidolon (D)
  A deep elf death mage (D)
  2 deep elf high priests (D)
  A hydra (D)
  An ogre mage (D)
  A merfolk avatar (D)
  A boulder beetle (D)
  Erica (D)
  A vampire mage (D)
  4 hell hogs (D)
  A sun demon (D)
  A soul eater (D)
  A deep troll (D)
  2 shadow wraiths (D)
  2 bog bodies (D)
  A flayed ghost (D)
  3 wizards (D)
  8 harpies (D)
  2 deep elf pyromancers (D)
  A lindwurm (D)
  3 elephants (D)
  A guardian serpent (D)
  A naga mage (D)
  A molten gargoyle (D)
  A cane toad (D)
  2 freezing wraiths (D)
  An efreet (D)
  A komodo dragon (D)
  A merfolk (D)
  A tarantella (D)
  2 hornets (D)
  A flying skull (D)
  A ynoxinul (D)
  A neqoxec (D)
  2 basilisks (D)
  A redback (D)
  A chaos spawn (D)
  2 ogres (D)
  6 wolves (D)
  A necrophage (D)
  A bullfrog (D)
  A scorpion (D)
  3 wights (D)
  12 killer bees (D)
  A crimson imp (D)
  A jelly (D)
  A gnoll bouda (D)
  2 orc wizards (D)
  A hell rat (D)
  A mummy (D)
  4 gnolls (D)
  An adder (D)
  4 orcs (D)
  2 goblins (D)
  2 hobgoblins (D)
  5 jackals (D)
  A kobold (D)
  2 quokkas (D)
  A ball python (D)
  A ball python zombie (D)
  3 rats (D)
135 creatures vanquished.

Notes
Turn   | Place    | Note
-------+----------+-------------------------------------------
     0 | D        | rocky1 the Naga Fighter began the quest for the Orb.
     0 | D        | Reached XP level 1. HP: 21/21 MP: 1/1
    50 | D        | Found a bloodstained altar of Trog.
    50 | D        | Found a shimmering blue altar of Sif Muna.
    50 | D        | Found a viscous altar of Jiyva.
    50 | D        | Found a hazy altar of Hepliaklqana.
    50 | D        | Found an opulent altar of Gozag.
    51 | D        | Found a glowing golden altar of the Shining One.
    51 | D        | Found a glowing silver altar of Zin.
    51 | D        | Found a basalt altar of Yredelemnul.
    51 | D        | Found a shimmering altar of Xom.
    51 | D        | Found an ornate altar of the Wu Jian Council.
    51 | D        | Found a sacrificial altar of Ru.
    51 | D        | Found a stormy altar of Qazlal.
    51 | D        | Found an iron altar of Okawaru.
    51 | D        | Found a sparkling altar of Nemelex Xobeh.
    51 | D        | Found a burning altar of Makhleb.
    51 | D        | Found a blossoming altar of Fedhas.
    51 | D        | Found a white marble altar of Elyvilon.
    51 | D        | Found a shadowy altar of Dithmenos.
    51 | D        | Found a snail-covered altar of Cheibriados.
    54 | D        | Found a corrupted altar of Lugonu.
    54 | D        | Found a radiant altar of Vehumet.
    55 | D        | Found an ancient bone altar of Kikubaaqudgha.
    55 | D        | Found a hide-covered altar of Uskayaw.
    55 | D        | Found a broken altar of Ashenzari.
    62 | D        | Became a worshipper of Cheibriados the Contemplative
    80 | D        | Reached * piety under Cheibriados
    87 | D        | Reached XP level 2. HP: 30/30 MP: 2/2
    97 | D        | Reached ** piety under Cheibriados
   106 | D        | Reached *** piety under Cheibriados
   111 | D        | Reached **** piety under Cheibriados
   112 | D        | Reached skill level 3 in Maces & Flails
   204 | D        | Noticed a crimson imp
   204 | D        | Noticed a necrophage
   205 | D        | Noticed a wolf
   205 | D        | Noticed an ogre
   215 | D        | Killed a wolf
   216 | D        | Reached skill level 4 in Maces & Flails
   216 | D        | Reached XP level 3. HP: 28/38 MP: 2/5
   216 | D        | Reached XP level 4. HP: 33/45 MP: 2/6
   232 | D        | Killed an ogre
   232 | D        | Reached ***** piety under Cheibriados
   233 | D        | Reached skill level 5 in Fighting
   233 | D        | Reached skill level 5 in Maces & Flails
   233 | D        | Reached skill level 5 in Armour
   233 | D        | Reached skill level 1 in Dodging
   233 | D        | Reached skill level 5 in Shields
   233 | D        | Reached XP level 5. HP: 9/52 MP: 4/8
   239 | D        | Reached skill level 5 in Invocations
   239 | D        | Reached XP level 6. HP: 40/62 MP: 5/9
   242 | D        | Reached skill level 6 in Maces & Flails
   657 | D        | Noticed a redback
   667 | D        | Killed a redback
   668 | D        | Reached skill level 7 in Maces & Flails
   668 | D        | Reached XP level 7. HP: 60/70 MP: 11/11
   902 | D        | Noticed a flying skull
   904 | D        | Killed a flying skull
   904 | D        | Reached ****** piety under Cheibriados
   905 | D        | Reached skill level 8 in Maces & Flails
  1046 | D        | Noticed a lindwurm
  1046 | D        | Noticed a merfolk
  1048 | D        | Reached skill level 9 in Maces & Flails
  1048 | D        | Killed a lindwurm
  1049 | D        | Reached skill level 10 in Maces & Flails
  1049 | D        | Reached XP level 8. HP: 80/80 MP: 1/13
  1050 | D        | Killed a merfolk
  1051 | D        | Reached skill level 11 in Maces & Flails
  1400 | D        | Noticed an efreet
  1402 | D        | Reached skill level 1 in Stealth
  1402 | D        | Reached XP level 9. HP: 88/88 MP: 8/14
  1411 | D        | Killed an efreet
  1412 | D        | Reached skill level 12 in Maces & Flails
  1633 | D        | Noticed an eight-headed hydra
  1637 | D        | Killed an eight-headed hydra
  1638 | D        | Reached skill level 13 in Maces & Flails
  2087 | D        | Noticed an elephant
  2088 | D        | Noticed a hornet
  2088 | D        | Noticed a cane toad
  2091 | D        | Killed a cane toad
  2091 | D        | Killed a hornet
  2092 | D        | Reached skill level 10 in Invocations
  2092 | D        | Reached XP level 10. HP: 95/99 MP: 6/18
  2094 | D        | Killed an elephant
  2095 | D        | Reached skill level 14 in Maces & Flails
  2167 | D        | Noticed a harpy
  2168 | D        | Noticed a molten gargoyle
  2172 | D        | Killed a molten gargoyle
  2211 | D        | Noticed a bog body
  2221 | D        | Killed a bog body
  2322 | D        | Noticed a harpy
  2324 | D        | Noticed a harpy
  2325 | D        | Noticed a harpy
  2331 | D        | Noticed a harpy
  2333 | D        | Killed a harpy
  2335 | D        | Killed a harpy
  2335 | D        | Killed a harpy
  2335 | D        | Killed a harpy
  2335 | D        | Killed a harpy
  2336 | D        | Reached skill level 15 in Maces & Flails
  2336 | D        | Reached XP level 11. HP: 90/106 MP: 14/22
  2346 | D        | Noticed a harpy
  2356 | D        | Noticed a harpy
  2358 | D        | Noticed a harpy
  2359 | D        | Killed a harpy
  2359 | D        | Killed a harpy
  2359 | D        | Killed a harpy
  2360 | D        | Reached skill level 5 in Stealth
  2360 | D        | Reached skill level 15 in Invocations
  2391 | D        | Noticed a shadow wraith
  2400 | D        | Killed a shadow wraith
  2464 | D        | Noticed a boulder beetle
  2464 | D        | Noticed a deep elf pyromancer
  2465 | D        | Noticed a flayed ghost
  2468 | D        | Reached skill level 5 in Dodging
  2468 | D        | Noticed a bog body
  2468 | D        | Noticed a deep troll
  2470 | D        | Killed a bog body
  2470 | D        | Killed a deep elf pyromancer
  2470 | D        | Killed a flayed ghost
  2471 | D        | Reached skill level 10 in Fighting
  2471 | D        | Reached skill level 16 in Maces & Flails
  2472 | D        | Killed a deep troll
  2475 | D        | Reached skill level 10 in Armour
  2479 | D        | Killed a boulder beetle
  2480 | D        | Reached XP level 12. HP: 78/116 MP: 1/24
  2957 | D        | Reached skill level 1 in Spellcasting
  3133 | D        | Noticed a hell hog
  3133 | D        | Noticed a hell hog
  3133 | D        | Noticed a hell hog
  3133 | D        | Noticed a hell hog
  3133 | D        | Noticed Gastronok
  3136 | D        | Killed a hell hog
  3136 | D        | Killed a hell hog
  3136 | D        | Killed a hell hog
  3136 | D        | Killed a hell hog
  3143 | D        | Killed Gastronok
  3144 | D        | Reached skill level 17 in Maces & Flails
  3521 | D        | Noticed Erica
  3524 | D        | Noticed a merfolk avatar
  3529 | D        | Killed Erica
  3530 | D        | Reached skill level 5 in Spellcasting
  3539 | D        | Killed a merfolk avatar
  3712 | D        | Noticed a sun demon
  3712 | D        | Noticed a minotaur
  3712 | D        | Noticed a deep elf master archer
  3712 | D        | Noticed an ettin
  3712 | D        | Noticed a vampire knight
  3714 | D        | Reached skill level 10 in Shields
  3714 | D        | Killed a sun demon
  3715 | D        | Killed a minotaur
  3715 | D        | Killed a vampire knight
  3715 | D        | Killed a deep elf master archer
  3715 | D        | Killed an ettin
  3716 | D        | Gained mutation: You can use your snake-like lower body to
                  | constrict enemies. [Naga growth]
  3716 | D        | Reached XP level 13. HP: 128/128 MP: 10/25
  3733 | D        | Got the ring of Sozox {Fire Int+3 Dex+4}
  3888 | D        | Reached skill level 18 in Maces & Flails
  4043 | D        | Noticed an eidolon
  4048 | D        | Killed an eidolon
  4264 | D        | Noticed a lich
  4270 | D        | Noticed a red draconian
  4271 | D        | Noticed a sphinx
  4274 | D        | Noticed a red draconian
  4276 | D        | Noticed a lich
  4277 | D        | Killed a sphinx
  4278 | D        | Killed a red draconian
  4278 | D        | Killed a lich
  4278 | D        | Killed a lich
  4283 | D        | Reached skill level 10 in Dodging
  4288 | D        | Killed a red draconian
  4289 | D        | Reached skill level 19 in Maces & Flails
  4289 | D        | Noticed a white draconian
  4296 | D        | Killed a white draconian
  4296 | D        | Noticed a red draconian
  4300 | D        | Noticed a deep elf death mage
  4307 | D        | Killed a deep elf death mage
  4309 | D        | Killed a red draconian
  4791 | D        | Got the ring of Greed {Will+ Str-3 Int+2 Dex+6 Stlth+}
  4794 | D        | Got the amulet of Paint {Reflect rCorr Int+3 Dex+3 SH+5}
  4796 | D        | Got the amulet of Beogh's Favour {Spirit rC+ Int+2 Stlth+}
  4798 | D        | Got the ring of Mojud {rPois Slay+5}
  4801 | D        | Got the amulet "Jivur" {Spirit rCorr}
  4803 | D        | Got the amulet "Zozar" {RegenMP rPois rF- Regen+ Int+7}
  4805 | D        | Got the ring "Woapar" {Fly Str+6 Slay+5 Stlth-}
  4807 | D        | Got the amulet "Ranaez" {RegenMP Drain rPois rN+}
  4809 | D        | Got the ring "Lonahar" {rElec Will+++ Str+6 Slay-5 SInv}
  4811 | D        | Got the ring "Noykkumm" {Contam rN++ AC+4}
  4814 | D        | Got the ring "Usmium" {rPois rF+ rN+ Str-3 Int+3}
  4818 | D        | Got the amulet of Xom's Attic {Spirit Str+4 Int+4 Dex-4
                  | Stlth+}
  4820 | D        | Got the amulet "Syseal" {RegenMP Harm}
  4824 | D        | Got the ring "Gaucux" {Ice Drain Dex+4}
  4839 | D        | Noticed a balrug
  4840 | D        | Noticed a deep elf sorcerer
  4840 | D        | Noticed a deep elf sorcerer
  4841 | D        | Noticed a deep elf demonologist
  4843 | D        | Killed a balrug
  4844 | D        | Noticed a lich
  4845 | D        | Killed a deep elf sorcerer
  4846 | D        | Killed a deep elf sorcerer
  4847 | D        | HP: 3/135 [lich/bolt of cold (26)]
  4848 | D        | Killed a lich
  4848 | D        | Killed a deep elf demonologist
  4849 | D        | Reached skill level 20 in Maces & Flails
  4849 | D        | Reached XP level 14. HP: 4/144 MP: 6/26
  4869 | D        | Noticed a deep elf demonologist
  4872 | D        | Killed a deep elf demonologist
  5164 | D        | Got Sif Muna's Vademecum on Friendly Last Rites
  5186 | D        | Got the Writings on Rocky Metamorphosis
  5206 | D        | Got the ring of Pyugentome {rF+ rN+ Will+}
  5208 | D        | Got the ring "Jomizimu" {Ice rPois Will+ Str+2}
  5210 | D        | Got the ring of Monotheism {Str+2 Int+4 Dex+6}
  5212 | D        | Got the ring of the Shining Light {rF+ Str+6}
  5240 | D        | Got the ring "Yqaolazi" {Wiz Slay+6}
  5242 | D        | Got the ring of Beauty {rN+++ Int-5 SInv}
  5245 | D        | Got the ring of Conformity {rPois Str-5 Int+6 Dex+8 Slay-6}
  5250 | D        | Got the ring of Egalitarianism {rElec rPois rC- Int+3
                  | Dex+6}
  5252 | D        | Got the ring "Hopridadgh" {+Blink Str+6}
  5254 | D        | Got the ring "Sihuavim" {rF+ rN+}
  5256 | D        | Got the ring "Inliunk" {rC+ rN+}
  5268 | D        | Got the ring "Fuzxees" {EV+6 Dex+4}
  5298 | D        | Got the ring "Izim" {Will++ SInv}
  5300 | D        | Got the ring of the Furies {rPois Str+2}
  5336 | D        | Noticed an orb of fire
  5339 | D        | Killed from afar by an orb of fire

Illustrated notes

Levels and vault maps discovered:
D:        pitsprint [storerooms_1, entrance_room_1, metal_vault_3, armoury_2,
          mini_pit_1, grid_room_1, main_hall_1, silver_pit, the_coven_1,
          the_vestibule_1, steel_vault_5, golden_pit, hallway_of_sentries,
          crystal_vault_2, iron_vault_1, final_vault]

Skill      XL: |  1  2  3  4  5  6  7  8  9 10 11 12 13 |
---------------+----------------------------------------+-----
Shields        | 3 4 5 6 7 8 9 10 12 | 12.4
Armour         | 3 4 5 6 7 8 9 10 13 | 13.6
Maces & Flails | 4 5 7 10 11 13 15 16 17 20 | 20.2
Fighting       | 4 5 6 7 8 9 10 11 14 | 14.5
Invocations    | 3 4 5 6 7 10 14 17 | 17.2
Dodging        | 1 2 3 4 6 9 10 | 10.4
Stealth        | 1 3 4 5 6 7 |  7.9
Spellcasting   | 7 |  7.4

Action                     |  1- 3 |  4- 6 |  7- 9 | 10-12 | 13-15 || total
---------------------------+-------+-------+-------+-------+-------++-------
  Melee: Flail             |    32 |       |       |    45 |       ||    77
         Mace              |     8 |    44 |     5 |       |       ||    57
         Morningstar       |       |       |       |    31 |    48 ||    79
         Constrict         |       |       |       |       |    13 ||    13
 Invoke: Slouch            |       |       |    10 |    15 |    11 ||    36
    Use: Potion            |     1 |     2 |       |     2 |     4 ||     9
 Armour: Scale mail        |    34 |       |       |       |       ||    34
         Chain mail        |    17 |    28 |     4 |       |       ||    49
         Ring mail         |       |       |     3 |    73 |       ||    76
         Plate armour      |       |       |       |       |    43 ||    43
  Dodge: Dodged            |    17 |    21 |     6 |    49 |    30 ||   123
  Block: Buckler           |    18 |    15 |     6 |    46 |    20 ||   105
         Reflection        |       |       |       |       |     1 ||     1

Table legend: (Time is in decaauts)
 A = Elapsed time spent in this place.
 B = Non-inter-level travel time spent in this place.
 C = Inter-level travel time spent in this place.
 D = Time resting spent in this place.
 E = Time spent auto-exploring this place.
 F = Levels seen in this place.
 G = Mean time per level.
                   A        B        C        D        E       F      G
               +--------+--------+--------+--------+--------+-----+--------+
         Total |   6767 |   6604 |    163 |   4024 |      0 |   1 | 6767.0 |
       Dungeon |   6767 |   6604 |    163 |   4024 |      0 |   1 | 6767.0 |
               +--------+--------+--------+--------+--------+-----+--------+

Top non-repeatable levels by time:
       D: 6767 daAuts
